 Dungeon Crawl Stone Soup version 0.24-a0-250-g6074511 (webtiles) character file.

Game seed: 5087890696585669618

1629 Hasart the Slicer (level 9, 0/55 HPs)
             Began as a Kobold Fighter on Apr 14, 2019.
             Slain by an orc wizard
             ... wielding a +0 dagger
              (3 damage)
             ... on level 6 of the Dungeon.
             The game lasted 00:10:36 (5746 turns).

Hasart the Slicer (Kobold Fighter)                  Turns: 5746, Time: 00:10:37

Health: 0/55       AC:  8    Str: 15    XL:     9   Next: 18%
Magic:  11/11      EV: 14    Int: 10    God:
Gold:   85         SH:  0    Dex: 17    Spells: 8/8 levels left

rFire    . . .     SeeInvis .   a - +0 rapier
rCold    . . .     Gourm    .   (shield restricted)
rNeg     . . .     Faith    .   b - +0 scale mail
rPois    .         Spirit   .   m - +0 helmet
rElec    .         Reflect  .   (no cloak)
rCorr    .         Harm     .   (no gloves)
MR       .....                  (no boots)
Stlth    ++........             (no amulet)
HPRegen  0.18/turn              j - +2 ring of dexterity
MPRegen  0.12/turn              (no ring)

@: no status effects
A: small, carnivore
a: no special abilities


You were on level 6 of the Dungeon.
You were very full.

You visited 1 branch of the dungeon, and saw 6 of its levels.

You collected 175 gold pieces.
You spent 90 gold pieces at shops.

Inventory:

Hand Weapons
 a - a +0 rapier (weapon)
Armour
 b - a +0 scale mail (worn)
 c - a +0 shield
 m - a +0 helmet (worn)
Jewellery
 j - a +2 ring of dexterity (left hand)
Wands
 r - a wand of iceblast (5)
 s - a wand of polymorph (8)
Scrolls
 e - 4 scrolls of teleportation {unknown}
 g - 7 scrolls of identify {unknown}
 i - 2 scrolls of random uselessness {unknown}
 o - a scroll of enchant weapon {unknown}
 q - 2 scrolls of fog {unknown}
 t - a scroll of remove curse {unknown}
 u - 2 scrolls of blinking
 v - 2 scrolls of immolation {unknown}
Potions
 d - 3 potions of curing {unknown}
 h - 2 potions of agility {unknown}
 k - a potion of cancellation {unknown}
 l - 3 potions of mutation {unknown}
 n - 2 potions of degeneration {unknown}
 p - a potion of resistance {unknown}
 w - a potion of brilliance {unknown}
Comestibles
 f - 7 rations


   Skills:
 + Level 5.7 Fighting
 * Level 8.3 Short Blades
 + Level 4.3 Armour
 + Level 4.9 Dodging
 + Level 6.0 Stealth
 - Level 2.4 Shields
 + Level 3.3 Evocations


You had 8 spell levels left.
You didn't know any spells.
Your spell library was empty.

Dungeon Overview and Level Annotations

Branches:
Dungeon (6/15)
 Temple: D:4-7

Altars:
Cheibriados
Sif Muna

Shops:
D:4 ?


Innate Abilities, Weirdness & Mutations

You are small and have problems with some larger weapons.
You are carnivorous and can eat meat at any time.


Message History

A puff of flame appears from out of thin air!
The puff of flame hits you.
* * * LOW HITPOINT WARNING * * *
You barely miss something. Something hits you but does no damage.
You closely miss something.
You hear some strange, mumbled words.
A magic dart appears from out of thin air!
The magic dart hits you!
* * * LOW HITPOINT WARNING * * *
You miss something. You closely miss something. Something hits you.
* * * LOW HITPOINT WARNING * * *
You hit something but do no damage. Something hits you but does no damage.
An orc wizard appears from thin air!
Reactivating autopickup.
The orc wizard gestures at you while chanting.
The puff of flame hits you.
* * * LOW HITPOINT WARNING * * *
The orc wizard hits you with a +0 dagger.
You die...

########
.......#######
#.......>.#
#....)..#.#
#....o)...###
#...@........[
#<.....##.####
####......#
###.#### #+#


You could see an orc wizard.

Vanquished Creatures
  A hornet (D:4)
  Prince Ribbit (D:5)
  Sigmund (D:2)
  An ice beast (D:5)
  A sky beast (D:5)
  A scorpion (D:5)
  A crimson imp (D:5)
  A centaur zombie (D:5)
  2 hounds
  5 orc priests
  2 orc wizards
  2 centaur skeletons
  5 worker ants
  2 killer bee zombies (D:5)
  Robin (D:2)
  9 adders
  6 gnolls
  A shadow imp (D:5)
  2 oozes (D:1)
  6 worms
  3 dart slugs
  2 leopard geckos (D:3)
  17 orcs
  3 giant cockroaches
  14 goblins
  9 hobgoblins
  4 jackals (D:4)
  2 quokkas
  3 ball pythons
  A ball python skeleton (D:4)
  12 bats
  5 frilled lizards
  7 kobolds
  A quokka zombie (D:5)
  5 rats
139 creatures vanquished.

Notes
Turn   | Place    | Note
-------+----------+-------------------------------------------
     0 | D:1      | Hasart the Kobold Fighter began the quest for the Orb.
     0 | D:1      | Reached XP level 1. HP: 14/14 MP: 1/1
   108 | D:1      | Reached skill level 3 in Short Blades
   108 | D:1      | Reached XP level 2. HP: 18/19 MP: 2/2
   190 | D:1      | Reached skill level 1 in Stealth
   193 | D:1      | Reached skill level 1 in Dodging
   362 | D:1      | Reached XP level 3. HP: 22/23 MP: 3/3
   628 | D:2      | Reached XP level 4. HP: 29/29 MP: 4/4
   932 | D:1      | HP: 1/29 [gnoll (7)]
  1034 | D:1      | Reached skill level 4 in Short Blades
  1331 | D:2      | Noticed Sigmund
  1343 | D:2      | Reached XP level 5. HP: 15/33 MP: 5/5
  1356 | D:2      | Killed Sigmund
  1356 | D:2      | Reached skill level 5 in Short Blades
  1356 | D:2      | Reached XP level 6. HP: 11/38 MP: 6/6
  1896 | D:2      | Noticed Robin
  1927 | D:2      | Killed Robin
  2524 | D:3      | Reached XP level 7. HP: 44/44 MP: 7/7
  2769 | D:3      | Found a deep blue altar of Sif Muna.
  2842 | D:3      | Reached skill level 6 in Short Blades
  3681 | D:4      | Found Zighu's Magic Scroll Shoppe.
  3690 | D:4      | Bought a scroll of blinking for 90 gold pieces
  3883 | D:4      | Reached skill level 1 in Evocations
  4126 | D:4      | Noticed a hornet
  4132 | D:4      | Killed a hornet
  4132 | D:4      | Reached skill level 5 in Fighting
  4132 | D:4      | Reached skill level 7 in Short Blades
  4132 | D:4      | Reached XP level 8. HP: 35/49 MP: 7/9
  4430 | D:5      | Entered Level 5 of the Dungeon
  4508 | D:5      | Reached skill level 5 in Stealth
  4905 | D:5      | Found a snail-covered altar of Cheibriados.
  4906 | D:5      | Noticed Prince Ribbit
  4937 | D:5      | Killed Prince Ribbit
  4937 | D:5      | Reached skill level 8 in Short Blades
  4937 | D:5      | Reached XP level 9. HP: 20/54 MP: 9/11
  5746 | D:6      | Slain by an orc wizard

Levels and vault maps discovered:
D:1:      co_arrival_square_in_a_square_in_a_square, layout_basic
D:2:      layout_basic, uniq_sigmund, uniq_robin
D:3:      layout_loops_ring, led_sif_book
D:4:      layout_gridville, serial_shops,
          nicolae_shop_temple_entry_statues_fountains, first_ration,
          minmay_misc_feat_pillars
D:5:      layout_loops_ring, lemuel_round_altar, uniq_prince_ribbit1
D:6:      layout_loops_corners, serial_shops, kennysheep_little_box,
          uniq_menkaure, uniq_grinder

Skill      XL: |  1  2  3  4  5  6  7  8  9 |
---------------+----------------------------+-----
Short Blades   | 3 4 5 7 8 |  8.3
Stealth        | 1 2 3 4 5 6 |  6.0
Dodging        | 1 2 3 4 |  4.9
Fighting       | 4 5 |  5.7
Armour         | 3 4 |  4.3
Evocations     | 1 3 |  3.3
Shields        | |  2.4

Action                   |  1- 3 |  4- 6 |  7- 9 || total
-------------------------+-------+-------+-------++-------
Melee: Rapier            |    84 |   232 |   375 ||   691
Evoke: Wand              |       |       |     2 ||     2
  Use: Potion            |       |     1 |       ||     1
 Stab: Sleeping          |       |       |     1 ||     1
  Eat: Chunk             |     6 |     8 |    10 ||    24
Armor: Scale mail        |    37 |    84 |   135 ||   256
Dodge: Dodged            |    43 |   164 |   246 ||   453
Block: Shield            |    28 |       |       ||    28

Table legend:
 A = Non-vault XP
 B = Vault XP
 C = Vault XP percentage of total XP
 D = Non-vault monster count
 E = Vault monster count
 F = Vault count percentage of total count
                 A         B        C        D         E       F
            +---------+---------+-------+---------+---------+-------
      Total |    1822 |     506 |  21.7 |     124 |      15 |  10.8
            +---------+---------+-------+---------+---------+-------
        D:1 |      60 |       0 |   0.0 |      21 |       0 |   0.0
        D:2 |     149 |     251 |  62.8 |      29 |      14 |  32.6
        D:3 |     289 |       0 |   0.0 |      31 |       0 |   0.0
        D:4 |     583 |       0 |   0.0 |      22 |       0 |   0.0
        D:5 |     735 |     255 |  25.8 |      19 |       1 |   5.0
        D:6 |       6 |       0 |   0.0 |       2 |       0 |   0.0
            +---------+---------+-------+---------+---------+-------
